TOP OF THE 1ST |
Bismarck Barons batting - Pitching for Menlo Maniacs : RHP António Lara
|
Pitching: RHP António Lara
|
|
Batting: RHB Miguel Hernández
|
0-0: Bunt for hit - play at first, batter OUT! 1-3
|
Batting: RHB Paul Ladd
|
0-0: Ball 1-0: Ball 2-0: Foul Ball, location: 2F 2-1: Ball 3-1: Foul Ball, location: 2F 3-2: Base on Balls
|
Batting: RHB Nobuharu Hoshino
|
0-0: Foul Ball, location: 2F 0-1: Foul Ball, location: 2F 0-2: Hit by Pitch Paul Ladd to second
|
Batting: RHB Ed Terry
|
0-0: Ball 1-0: Ball 2-0: Foul Ball, location: 2F 2-1: DOUBLE (Line Drive, 7D) Paul Ladd scores Nobuharu Hoshino to third Runner from 3rd tries for Home, SAFE, no throw or cutoff
|
Batting: SHB Lester Olsen
|
0-0: Ball 1-0: Foul Ball, location: 2F 1-1: Called Strike 1-2: Foul Ball, location: 2F 1-2: Foul Ball, location: 2F 1-2: DOUBLE (Flyball, 9LM) Ed Terry scores
|
Batting: RHB Kiyomitsu Shinoda
|
0-0: Ball 1-0: Ball 2-0: Ball 3-0: Base on Balls
|
Batting: SHB Chris Griffith
|
0-0: Called Strike 0-1: Foul Ball, location: 2F 0-2: Strikes out looking
|
Batting: RHB Jorge Espinosa
|
0-0: Called Strike 0-1: Called Strike 0-2: Ball 1-2: Ball 2-2: Foul Ball, location: 2F 2-2: Ball 3-2: Strikes out swinging
|
Top of the 1st over - 3 run(s), 2 hit(s), 0 error(s), 2 left on base; Bismarck 3 - Menlo 0 |
BOTTOM OF THE 1ST |
Menlo Maniacs batting - Pitching for Bismarck Barons : RHP Sergio Cruz
|
Pitching: RHP Sergio Cruz
|
|
Batting: LHB Roger Moore
|
0-0: Ball 1-0: Called Strike 1-1: Ball 2-1: Foul Ball, location: 2F 2-2: Strikes out swinging
|
Batting: RHB Alberto Hernández
|
0-0: Called Strike 0-1: Ball 1-1: Ball 2-1: Ball 3-1: Base on Balls
|
Batting: RHB Daryl Floyd
|
0-0: Called Strike 0-1: Called Strike 0-2: Ball 1-2: DOUBLE (Flyball, 89D) Alberto Hernández to third
|
Batting: SHB Marvin Harris
|
0-0: Called Strike 0-1: Foul Ball, location: 2F 0-2: Ball Wild Pitch! Alberto Hernández scores Daryl Floyd to third 1-2: Strikes out swinging
|
Batting: LHB Patrick Bright
|
0-0: Ball 1-0: Called Strike 1-1: Ball 2-1: Fly out, F9 (Flyball, 9M)
|
Bottom of the 1st over - 1 run(s), 1 hit(s), 0 error(s), 1 left on base; Bismarck 3 - Menlo 1 |
TOP OF THE 2ND |
Bismarck Barons batting - Pitching for Menlo Maniacs : RHP António Lara
|
Batting: LHB Paco Sandoval
|
0-0: Swinging Strike 0-1: Ball 1-1: Ball 2-1: Called Strike 2-2: SINGLE (Groundball, 15S) (infield hit)
|
Batting: RHB Miguel Hernández
|
0-0: Ball 1-0: Ball 2-0: 2-RUN HOME RUN (Flyball, 7LD), Distance : 343 ft
|
Batting: RHB Paul Ladd
|
0-0: Foul Ball, location: 2F 0-1: Fly out, F6 (Line Drive, 6M)
|
Batting: RHB Nobuharu Hoshino
|
0-0: Ball 1-0: Swinging Strike 1-1: SINGLE (Line Drive, 56D)
|
Batting: RHB Ed Terry
|
0-0: Ball 1-0: Swinging Strike 1-1: Ball 2-1: Foul Ball, location: 2F 2-2: SINGLE (Groundball, 56D) Nobuharu Hoshino to second
|
Batting: SHB Lester Olsen
|
0-0: Ball 1-0: Called Strike 1-1: Ball 2-1: Foul Ball, location: 2F 2-2: Ball 3-2: Foul Ball, location: 2F 3-2: Base on Balls Nobuharu Hoshino to third Ed Terry to second
|
Batting: RHB Kiyomitsu Shinoda
|
0-0: SINGLE (Line Drive, 89S) Nobuharu Hoshino scores Ed Terry to third Lester Olsen to second
|
Batting: SHB Chris Griffith
|
0-0: Ball 1-0: Ball 2-0: Foul Ball, location: 2F 2-1: SINGLE (Line Drive, 7LS) Ed Terry scores Lester Olsen to third Kiyomitsu Shinoda to second Runner from 3rd tries for Home, SAFE, throw made home Kiyomitsu Shinoda to third Chris Griffith to second
|
Pitching: RHP Willie McMillan
|
|
Batting: RHB Jorge Espinosa
|
0-0: Ground out 5-3 (Groundball, 5L)
|
Batting: LHB Paco Sandoval
|
0-0: Foul Ball, location: 2F 0-1: Ball 1-1: Swinging Strike 1-2: Strikes out swinging
|
Top of the 2nd over - 5 run(s), 6 hit(s), 0 error(s), 2 left on base; Bismarck 8 - Menlo 1 |
BOTTOM OF THE 2ND |
Menlo Maniacs batting - Pitching for Bismarck Barons : RHP Sergio Cruz
|
Batting: RHB Tom Meyer
|
0-0: Ball 1-0: SINGLE (Groundball, 6MD)
|
Batting: RHB Jesús Cuevas
|
0-0: Ball Tom Meyer is caught stealing 2nd base 1-0: Called Strike 1-1: Called Strike 1-2: TRIPLE (Groundball, 3L)
|
Batting: LHB Alfonso Montoya
|
0-0: Ball 1-0: Called Strike 1-1: Ball 2-1: SINGLE (Line Drive, 89S) Jesús Cuevas scores
|
Batting: SHB António Trinidad
|
0-0: Swinging Strike 0-1: Ball 1-1: Foul Ball, location: 2F 1-2: Ball Alfonso Montoya is caught stealing 2nd base 2-2: Foul Ball, location: 2F 2-2: Strikes out looking
|
Bottom of the 2nd over - 1 run(s), 3 hit(s), 0 error(s), 0 left on base; Bismarck 8 - Menlo 2 |
TOP OF THE 3RD |
Bismarck Barons batting - Pitching for Menlo Maniacs : RHP Willie McMillan
|
Batting: RHB Miguel Hernández
|
0-0: Foul Ball, location: 2F 0-1: Ball 1-1: Swinging Strike 1-2: Strikes out looking
|
Batting: RHB Paul Ladd
|
0-0: Called Strike 0-1: Ball 1-1: Foul Ball, location: 2F 1-2: SINGLE (Groundball, 4M)
|
Batting: RHB Nobuharu Hoshino
|
0-0: Swinging Strike 0-1: Grounds into double play, 4-6-3 (Groundball, 4)
|
Top of the 3rd over - 0 run(s), 1 hit(s), 0 error(s), 0 left on base; Bismarck 8 - Menlo 2 |
BOTTOM OF THE 3RD |
Menlo Maniacs batting - Pitching for Bismarck Barons : RHP Sergio Cruz
|
Batting: LHB Roger Moore
|
0-0: Ball 1-0: DOUBLE (Flyball, 7LM)
|
Batting: RHB Alberto Hernández
|
0-0: Ball 1-0: Ground out 4-3 (Groundball, 4) Roger Moore to third
|
Batting: RHB Daryl Floyd
|
0-0: Ball 1-0: Foul Ball, location: 2F 1-1: Foul Ball, location: 2F 1-2: Strikes out looking
|
Batting: SHB Marvin Harris
|
0-0: Ball 1-0: Ball 2-0: Called Strike 2-1: Foul Ball, location: 2F 2-2: Ground out 5-3 (Groundball, 15S)
|
Bottom of the 3rd over - 0 run(s), 1 hit(s), 0 error(s), 1 left on base; Bismarck 8 - Menlo 2 |
TOP OF THE 4TH |
Bismarck Barons batting - Pitching for Menlo Maniacs : RHP Willie McMillan
|
Batting: RHB Ed Terry
|
0-0: Foul Ball, location: 2F 0-1: Swinging Strike 0-2: SINGLE (Flyball, 9LS)
|
Batting: SHB Lester Olsen
|
0-0: Ball 1-0: Ball 2-0: Ball 3-0: Base on Balls Ed Terry to second
|
Batting: RHB Kiyomitsu Shinoda
|
0-0: Called Strike 0-1: Ball 1-1: Ball 2-1: Ball 3-1: Foul Ball, location: 2F 3-2: Foul Ball, location: 2F 3-2: Base on Balls Ed Terry to third Lester Olsen to second
|
Batting: SHB Chris Griffith
|
0-0: Ball 1-0: Ball 2-0: Called Strike 2-1: Foul Ball, location: 2F 2-2: Ball 3-2: Fly out, F8 (Line Drive, 8LM) Runner from 3rd tags up, SCORES, throw made
|
Batting: RHB Jorge Espinosa
|
0-0: Fly out, F8 (Flyball, 8RM)
|
Batting: LHB Paco Sandoval
|
0-0: Ball 1-0: Foul Ball, location: 2F 1-1: Fly out, F9 (Flyball, 89M)
|
Top of the 4th over - 1 run(s), 1 hit(s), 0 error(s), 2 left on base; Bismarck 9 - Menlo 2 |
BOTTOM OF THE 4TH |
Menlo Maniacs batting - Pitching for Bismarck Barons : RHP Sergio Cruz
|
Batting: LHB Patrick Bright
|
0-0: Swinging Strike 0-1: DOUBLE (Line Drive, 34D)
|
Batting: RHB Tom Meyer
|
0-0: Ball 1-0: Ground out 4-3 (Groundball, 4M) Patrick Bright to third
|
Batting: RHB Jesús Cuevas
|
0-0: Called Strike 0-1: Ball 1-1: Foul Ball, location: 2F 1-2: Strikes out swinging
|
Batting: LHB Alfonso Montoya
|
0-0: Ball 1-0: Ball 2-0: Called Strike 2-1: Foul Ball, location: 2F 2-2: Ball 3-2: Base on Balls
|
Batting: SHB António Trinidad
|
0-0: Swinging Strike 0-1: Swinging Strike 0-2: Strikes out swinging
|
Bottom of the 4th over - 0 run(s), 1 hit(s), 0 error(s), 2 left on base; Bismarck 9 - Menlo 2 |
TOP OF THE 5TH |
Bismarck Barons batting - Pitching for Menlo Maniacs : RHP Willie McMillan
|
Batting: RHB Miguel Hernández
|
0-0: Ball 1-0: Swinging Strike 1-1: Ball 2-1: Ball 3-1: Called Strike 3-2: Base on Balls
|
Batting: RHB Paul Ladd
|
0-0: Called Strike 0-1: Swinging Strike 0-2: Strikes out swinging
|
Batting: RHB Nobuharu Hoshino
|
0-0: Ball 1-0: Called Strike 1-1: Ball 2-1: Swinging Strike 2-2: Strikes out swinging
|
Batting: RHB Ed Terry
|
0-0: Ball 1-0: Ball 2-0: Called Strike 2-1: Fly out, F8 (Line Drive, 8LM)
|
Top of the 5th over - 0 run(s), 0 hit(s), 0 error(s), 1 left on base; Bismarck 9 - Menlo 2 |
BOTTOM OF THE 5TH |
Menlo Maniacs batting - Pitching for Bismarck Barons : RHP Sergio Cruz
|
Batting: LHB Roger Moore
|
0-0: Fly out, F7 (Flyball, 7M)
|
Batting: RHB Alberto Hernández
|
0-0: Ball 1-0: Foul Ball, location: 2F 1-1: Ball 2-1: Ball 3-1: Foul Ball, location: 2F 3-2: Base on Balls
|
Batting: RHB Daryl Floyd
|
0-0: Ball Alberto Hernández steals 2nd base 1-0: Swinging Strike 1-1: Swinging Strike 1-2: Foul Ball, location: 2F 1-2: Foul Ball, location: 2F 1-2: Strikes out looking
|
Batting: SHB Marvin Harris
|
0-0: Called Strike 0-1: Ball 1-1: Reached on error, E4 (Groundball, 4) Alberto Hernández to third
|
Batting: LHB Patrick Bright
|
0-0: Called Strike 0-1: Swinging Strike 0-2: Strikes out swinging
|
Bottom of the 5th over - 0 run(s), 0 hit(s), 1 error(s), 2 left on base; Bismarck 9 - Menlo 2 |
TOP OF THE 6TH |
Bismarck Barons batting - Pitching for Menlo Maniacs : RHP Willie McMillan
|
Pitching: RHP Ron Russell
|
|
Batting: SHB Lester Olsen
|
0-0: Ball 1-0: Foul Ball, location: 2F 1-1: Ball 2-1: Foul Ball, location: 2F 2-2: Ball 3-2: Foul Ball, location: 2F 3-2: SINGLE (Line Drive, 89M)
|
Batting: RHB Kiyomitsu Shinoda
|
0-0: Called Strike 0-1: Ball 1-1: Foul Ball, location: 2F 1-2: Strikes out swinging
|
Batting: SHB Chris Griffith
|
0-0: Foul Ball, location: 2F 0-1: Fly out, F9 (Flyball, 89D)
|
Batting: RHB Jorge Espinosa
|
0-0: Ball 1-0: Foul Ball, location: 2F 1-1: Called Strike 1-2: Ball 2-2: SINGLE (Groundball, 34D) Lester Olsen to second Runner from 2nd tries for 3rd, SAFE, no throw or cutoff
|
Batting: LHB Paco Sandoval
|
0-0: Ball 1-0: Called Strike 1-1: Swinging Strike 1-2: Strikes out swinging
|
Top of the 6th over - 0 run(s), 2 hit(s), 0 error(s), 2 left on base; Bismarck 9 - Menlo 2 |
BOTTOM OF THE 6TH |
Menlo Maniacs batting - Pitching for Bismarck Barons : RHP Sergio Cruz
|
Batting: RHB Tom Meyer
|
0-0: Foul Ball, location: 2F 0-1: Ball 1-1: Swinging Strike 1-2: Strikes out swinging
|
Batting: RHB Jesús Cuevas
|
0-0: Ground out U3 (Groundball, 3S)
|
Batting: LHB Alfonso Montoya
|
0-0: Ball 1-0: Ball 2-0: Called Strike 2-1: Ball 3-1: Base on Balls
|
Pitching: RHP Felix Carrado
|
|
Batting: SHB António Trinidad
|
0-0: Called Strike 0-1: Called Strike 0-2: Foul Ball, location: 2F 0-2: Ball 1-2: Foul Ball, location: 2F 1-2: Ball 2-2: Ball 3-2: Foul Ball, location: 2F 3-2: Fly out, F8 (Flyball, 8RM)
|
Bottom of the 6th over - 0 run(s), 0 hit(s), 0 error(s), 1 left on base; Bismarck 9 - Menlo 2 |
TOP OF THE 7TH |
Bismarck Barons batting - Pitching for Menlo Maniacs : RHP Ron Russell
|
Batting: RHB Miguel Hernández
|
0-0: Ball 1-0: Swinging Strike 1-1: Ball 2-1: Ball 3-1: Foul Ball, location: 2F 3-2: Base on Balls
|
Batting: RHB Paul Ladd
|
0-0: Sac Bunt - play at first, batter OUT! 3-4 Miguel Hernández to second
|
Batting: RHB Nobuharu Hoshino
|
0-0: Ball 1-0: Ball Miguel Hernández is caught stealing 3rd base 2-0: Foul Ball, location: 2F 2-1: Swinging Strike 2-2: Foul Ball, location: 2F 2-2: Foul Ball, location: 2F 2-2: Ball 3-2: Strikes out swinging
|
Top of the 7th over - 0 run(s), 0 hit(s), 0 error(s), 0 left on base; Bismarck 9 - Menlo 2 |
BOTTOM OF THE 7TH |
Menlo Maniacs batting - Pitching for Bismarck Barons : RHP Felix Carrado
|
Batting: LHB Roger Moore
|
0-0: SINGLE (Line Drive, 4M)
|
Batting: RHB Alberto Hernández
|
0-0: Called Strike 0-1: Ball 1-1: Ball 2-1: Ball 3-1: Foul Ball, location: 2F 3-2: Foul Ball, location: 2F 3-2: Reaches on Catchers interference Roger Moore to second
|
Batting: RHB Daryl Floyd
|
0-0: Swinging Strike 0-1: Ball 1-1: Ball 2-1: Foul Ball, location: 2F 2-2: Strikes out swinging
|
Batting: SHB Marvin Harris
|
0-0: Foul Ball, location: 2F 0-1: Swinging Strike 0-2: Ball 1-2: Strikes out looking
|
Batting: LHB Patrick Bright
|
0-0: Ball 1-0: Ball 2-0: Foul Ball, location: 2F 2-1: Foul Ball, location: 2F 2-2: Foul Ball, location: 2F 2-2: Foul Ball, location: 2F 2-2: Ball 3-2: Foul Ball, location: 2F 3-2: DOUBLE (Flyball, 89D) Roger Moore scores Alberto Hernández to third
|
Batting: RHB Tom Meyer
|
0-0: Ball 1-0: Ball 2-0: Called Strike 2-1: Ball 3-1: Base on Balls
|
Batting: RHB Jesús Cuevas
|
0-0: Foul Ball, location: 2F 0-1: Ball 1-1: Foul Ball, location: 2F 1-2: Foul Ball, location: 2F 1-2: Strikes out swinging
|
Bottom of the 7th over - 1 run(s), 2 hit(s), 1 error(s), 3 left on base; Bismarck 9 - Menlo 3 |
TOP OF THE 8TH |
Bismarck Barons batting - Pitching for Menlo Maniacs : RHP Ron Russell
|
Pitching: RHP William Simpson
|
|
Batting: RHB Ed Terry
|
0-0: Ball 1-0: Ball 2-0: Ball 3-0: Base on Balls
|
Batting: SHB Lester Olsen
|
0-0: Called Strike 0-1: Fly out, F9 (Line Drive, 89S)
|
Batting: RHB Kiyomitsu Shinoda
|
0-0: Fielders Choice at 2nd, 5-4 (Groundball, 56)
|
Batting: SHB Chris Griffith
|
0-0: Ball 1-0: Ball 2-0: Foul Ball, location: 2F 2-1: Foul Ball, location: 2F 2-2: Ball 3-2: Base on Balls Kiyomitsu Shinoda to second
|
Batting: RHB Jorge Espinosa
|
0-0: Ball 1-0: Called Strike 1-1: Ball Wild Pitch! Kiyomitsu Shinoda to third Chris Griffith to second 2-1: Reached on Error, E3 (Popup, 34D) Kiyomitsu Shinoda scores Chris Griffith to third
|
Batting: LHB Paco Sandoval
|
0-0: Called Strike 0-1: Fly out, F6 (Popup, 6D)
|
Top of the 8th over - 1 run(s), 0 hit(s), 1 error(s), 2 left on base; Bismarck 10 - Menlo 3 |
BOTTOM OF THE 8TH |
Menlo Maniacs batting - Pitching for Bismarck Barons : RHP Felix Carrado
|
Now in RF: Lorenzo Núńes
|
|
Batting: LHB Alfonso Montoya
|
0-0: Ball Single, Error in OF, E8, batter to second base
|
Batting: SHB António Trinidad
|
0-0: Ball 1-0: Ball 2-0: Foul Ball, location: 2F 2-1: Ball 3-1: Base on Balls
|
Batting: LHB Roger Moore
|
0-0: Foul Ball, location: 2F 0-1: Foul Ball, location: 2F 0-2: Fielders Choice at 2nd, 4-6 (Groundball, 4) Alfonso Montoya to third
|
Pitching: RHP Artie Byrne
|
|
Batting: RHB Alberto Hernández
|
0-0: Ball 1-0: Ball 2-0: Ball 3-0: Base on Balls Roger Moore to second
|
Batting: RHB Daryl Floyd
|
0-0: Foul Ball, location: 2F 0-1: Foul Ball, location: 2F 0-2: Ball 1-2: Ball 2-2: Foul Ball, location: 2F 2-2: Ball 3-2: Strikes out swinging
|
Batting: SHB Marvin Harris
|
0-0: Called Strike 0-1: Ball 1-1: Foul Ball, location: 2F 1-2: Foul Ball, location: 2F 1-2: Foul Ball, location: 2F 1-2: Ball 2-2: Foul Ball, location: 2F 2-2: Hit by Pitch Alfonso Montoya scores Roger Moore to third Alberto Hernández to second
|
Batting: LHB Patrick Bright
|
0-0: Ball 1-0: Ball 2-0: Ball 3-0: Base on Balls Roger Moore scores Alberto Hernández to third Marvin Harris to second
|
Batting: RHB Tom Meyer
|
0-0: Ball 1-0: Called Strike 1-1: Ball 2-1: Ball 3-1: Base on Balls Alberto Hernández scores Marvin Harris to third Patrick Bright to second
|
Pitching: LHP Ramón Santos
|
|
Batting: RHB Jesús Cuevas
|
0-0: Called Strike 0-1: Foul Ball, location: 2F 0-2: Ball 1-2: Strikes out swinging
|
Bottom of the 8th over - 3 run(s), 1 hit(s), 1 error(s), 3 left on base; Bismarck 10 - Menlo 6 |
TOP OF THE 9TH |
Bismarck Barons batting - Pitching for Menlo Maniacs : RHP William Simpson
|
Pitching: RHP Dan Wilson
|
|
Batting: RHB Miguel Hernández
|
0-0: Ball 1-0: Ball 2-0: Ball 3-0: Base on Balls
|
Batting: RHB Paul Ladd
|
0-0: Bunt missed! 0-1: Bunted foul 0-2: Ball 1-2: Foul Ball, location: 2F 1-2: Strikes out swinging
|
Batting: RHB Nobuharu Hoshino
|
0-0: Ball 1-0: Ball 2-0: Called Strike 2-1: Fly out, F9 (Flyball, 9D)
|
Batting: RHB Ed Terry
|
0-0: Ball 1-0: Ball 2-0: Ball 3-0: Called Strike 3-1: Foul Ball, location: 2F 3-2: Strikes out swinging
|
Top of the 9th over - 0 run(s), 0 hit(s), 0 error(s), 1 left on base; Bismarck 10 - Menlo 6 |
BOTTOM OF THE 9TH |
Menlo Maniacs batting - Pitching for Bismarck Barons : LHP Ramón Santos
|
Batting: LHB Alfonso Montoya
|
0-0: Called Strike 0-1: Foul Ball, location: 2F 0-2: Strikes out swinging
|
Batting: SHB António Trinidad
|
0-0: Ball 1-0: Called Strike 1-1: Ball 2-1: Swinging Strike 2-2: Foul Ball, location: 2F 2-2: Ball 3-2: SINGLE (Flyball, 89S)
|
Batting: LHB Roger Moore
|
0-0: TRIPLE (Flyball, 89XD) António Trinidad scores
|
Pitching: RHP Mike Hodges
|
|
Batting: RHB Alberto Hernández
|
0-0: Called Strike 0-1: Swinging Strike 0-2: Ball 1-2: DOUBLE (Flyball, 89D) Roger Moore scores
|
Batting: RHB Daryl Floyd
|
0-0: Called Strike 0-1: Ball 1-1: Swinging Strike 1-2: Foul Ball, location: 2F 1-2: Ball 2-2: SINGLE (Line Drive, 8LS) Alberto Hernández to third
|
Batting: SHB Marvin Harris
|
0-0: Called Strike 0-1: Ball 1-1: Called Strike 1-2: Hit by Pitch Daryl Floyd to second
|
Batting: LHB Patrick Bright
|
0-0: Foul Ball, location: 2F 0-1: Grounds into double play, 4-6-3 (Groundball, 4)
|
Bottom of the 9th over - 2 run(s), 4 hit(s), 0 error(s), 2 left on base; Bismarck 10 - Menlo 8 |
|